 Dungeon Crawl Stone Soup version 0.24.1-14-gf8d2b509d9 (webtiles) character file.

Game seed: 4834747944970157060, levelgen mode: deterministic

12 lepoulpe303 the Digger (level 2, 0/15 HPs)
             Began as a Gargoyle Earth Elementalist on May 25, 2020.
             Slain by a jackal (3 damage)
             ... on level 1 of the Dungeon.
             The game lasted 00:01:11 (165 turns).

lepoulpe303 the Digger (Gargoyle Earth Elementalist) Turns: 165, Time: 00:01:11

Health: 0/15       AC:  4    Str: 11    XL:     2   Next: 33%
Magic:  5/5        EV: 12    Int: 15    God:
Gold:   20         SH:  0    Dex: 10    Spells: 4/5 levels left

rFire    . . .     SeeInvis .   b - +2 hand axe (chop)
rCold    . . .     Gourm    .   (no shield)
rNeg     + . .     Faith    .   c - +0 robe
rPois    ∞         Spirit   .   (no helmet)
rElec    +         Reflect  .   (no cloak)
rCorr    .         Harm     .   (no gloves)
MR       .....                  (no boots)
Stlth    ++........             (no amulet)
HPRegen  0.05/turn              (no ring)
MPRegen  0.09/turn              (no ring)

@: no status effects
A: negative energy resistance 1, electricity resistance, unbreathing,
petrification resistance, rot immunity, AC +2
a: no special abilities


You were on level 1 of the Dungeon.
You were not hungry.

You visited 1 branch of the dungeon, and saw 1 of its levels.

You collected 20 gold pieces.

Inventory:

Hand Weapons
 b - a +2 hand axe of chopping (weapon)
Missiles
 a - 2 poisoned darts
 Q - 44 stones (quivered)
Armour
 c - a +0 robe (worn)
Scrolls
 d - a scroll of remove curse {unknown}
Comestibles
 e - a ration


   Skills:
 + Level 1.7 Dodging
 + Level 2.3 Stealth
 * Level 2.3 Spellcasting
   Level 0.7 Transmutations
 * Level 4.0 Earth Magic


You had 4 spell levels left.
You knew the following spells:

 Your Spells              Type           Power        Failure   Level  Hunger
a - Sandblast             Erth           ##....       4%          1    #......

Your spell library contained the following spells:

 Spells                   Type           Power        Failure   Level  Hunger
 Passwall                 Tmut/Erth      #.......     12%         2    ###....
 Stone Arrow              Conj/Erth      #.....       28%         3    ###....
 Petrify                  Tmut/Erth      #.......     63%         4    #####..
 Lee's Rapid Deconstruct  Erth           ##........   75%         5    ######.


Dungeon Overview and Level Annotations

Branches:
Dungeon (1/15)

Altars:


Innate Abilities, Weirdness & Mutations

You are resistant to torment.
Your stone body is resilient. (AC +2)
You are immune to poison.
You resist negative energy. (rN+)
You are resistant to electric shocks. (rElec)
You can survive without breathing.
You are immune to petrification.
You are immune to rotting.


Message History

The jackal barks!
The jackal bites you.
* * * LOW HITPOINT WARNING * * *
You take 1 damage, and have 9/15 hp.
You closely miss the jackal. The jackal barely misses you.
You hit the jackal.
The jackal bites you but does no damage.
The jackal closely misses you.
You closely miss the jackal.
The jackal bites you but does no damage.
The jackal closely misses you.
You closely miss the jackal. The jackal bites you.
* * * LOW HITPOINT WARNING * * *
The jackal bites you.
* * * LOW HITPOINT WARNING * * *
The jackal barely misses you.
You take 6 damage, and have 3/15 hp.
MASSIVE DAMAGE!!
You barely miss the jackal. You closely miss the jackal. The jackal bites you.
You die...

.#..........###
##..........+.#
##..........#.# ....
####..........# ....
#..........# ...h.
#..........##### .....
#...............+......
#...........#.###......
#...........#.@h.......
...........#..h.......
..........#####......
......... ....#
.......#. ...# ......
..# .# #


You could see 2 jackals.

Levels and vault maps discovered:
D:1:      dpeg_arrival_stone_temple_mockup, layout_basic

Notes
Turn   | Place    | Note
-------+----------+-------------------------------------------
     0 | D:1      | lepoulpe303 the Gargoyle Earth Elementalist began the quest
                  | for the Orb.
     0 | D:1      | Reached XP level 1. HP: 10/10 MP: 3/3
    47 | D:1      | Identified a +2 hand axe of chopping (You found it on level
                  | 1 of the Dungeon)
    96 | D:1      | Identified a +0 club
   122 | D:1      | Reached XP level 2. HP: 8/15 MP: 5/5
   144 | D:1      | Reached skill level 4 in Earth Magic
   164 | D:1      | HP: 3/15 [jackal (3)]
   165 | D:1      | Slain by a jackal

Table legend:
 A = Turns spent in this place as a percentage of turns spent in the entire game.
 B = Non-inter-level travel turns spent in this place as a percentage of non-inter-level travel turns spent in the entire game.
 C = Inter-level travel turns spent in this place as a percentage of turns spent in this place.
 D = Turns resting spent in this place as a percentage of non-inter-level travel turns spent in this place.
 E = Turns spent auto-exploring this place as a percentage of non-inter-level travel turns spent in this place.
 F = Non-inter-level travel turns spent in this place divided by the number of levels of this place that you've seen.
                   A       B       C       D       E      F
               +-------+-------+-------+-------+-------+----------------------
         Total | 100.0 | 100.0 |   0.0 |  10.9 |  43.6 | 165.0
       Dungeon | 100.0 | 100.0 |   0.0 |  10.9 |  43.6 | 165.0
               +-------+-------+-------+-------+-------+----------------------

Table legend:
 A = Kills in this place as a percentage of kills in entire the game.
 B = Kills by you in this place as a percentage of kills by you in the entire game.
 C = Kills by friends in this place as a percentage of kills by friends in the entire game.
 D = Other kills in this place as a percentage of other kills in the entire game.
 E = Experience gained in this place as a percentage of experience gained in the entire game.
 F = Experience gained in this place divided by the number of levels of this place that you have seen.
                   A       B       C       D       E      F
               +-------+-------+-------+-------+-------+----------------------
         Total | 100.0 | 100.0 |   N/A |   N/A | 100.0 |  18.0
       Dungeon | 100.0 | 100.0 |   N/A |   N/A | 100.0 |  18.0
               +-------+-------+-------+-------+-------+----------------------

Skill      XL: |  1  2 |
---------------+-------+-----
Earth Magic    | 4 |  4.0
Dodging        | |  1.7
Stealth        | |  2.3
Spellcasting   | |  2.3
Transmutations | |  0.7

Action                   || total
-------------------------++-------
Melee: Hand axe          ||    20
 Cast: Sandblast         ||     1
Armor: Robe              ||     7
Dodge: Dodged            ||    13

Vanquished Creatures
  A dart slug (D:1)
  A leopard gecko (D:1)
  A giant cockroach (D:1)
  2 goblins (D:1)
  A jackal (D:1)
  2 bats (D:1)
  A frilled lizard (D:1)
9 creatures vanquished.
